TOP OF THE 1ST |
Toronto Blue Jays batting - Pitching for Detroit Tigers : LHP David Cruz
|
Pitching: LHP David Cruz
|
|
Batting: SHB Dylan Novakowski
|
0-0: Called Strike 0-1: Ball 1-1: Foul Ball, location: 2F 1-2: Ball 2-2: Ball 3-2: Ground out 4-3 (Groundball, 4, EV 87.5 MPH)
|
Batting: LHB Gabe White
|
0-0: Called Strike 0-1: Ground out 5-3 (Groundball, 56, EV 88.1 MPH)
|
Batting: RHB Ruben Velasco
|
0-0: Called Strike 0-1: Swinging Strike 0-2: Ball 1-2: Ball 2-2: Foul Ball, location: 2F 2-2: Ball 3-2: SOLO HOME RUN (Flyball, 9D, EV 96.2 MPH), Distance : 366 ft
|
Batting: RHB Shigem Kubo
|
0-0: Ball 1-0: Swinging Strike 1-1: Called Strike 1-2: Ball 2-2: Strikes out swinging
|
Top of the 1st over - 1 run, 1 hit, 0 errors, 0 left on base; Toronto 1 - Detroit 0 |
BOTTOM OF THE 1ST |
Detroit Tigers batting - Pitching for Toronto Blue Jays : RHP Tony Rios
|
Pitching: RHP Tony Rios
|
|
Batting: LHB Morgan Black
|
0-0: Ball 1-0: Called Strike 1-1: Called Strike 1-2: Strikes out swinging
|
Batting: RHB Adrian Novakovic
|
0-0: Ball 1-0: Swinging Strike 1-1: Foul Ball, location: 2F 1-2: Foul Ball, location: 2F 1-2: Ball 2-2: Strikes out swinging
|
Batting: RHB Ryan Neal
|
0-0: Ball 1-0: DOUBLE (Groundball, 5L, EV 104.4 MPH)
|
Batting: SHB Phil Zacharia
|
0-0: Ball 1-0: Ball 2-0: Fly out, F7 (Line Drive, 7, EV 98.1 MPH)
|
Bottom of the 1st over - 0 runs, 1 hit, 0 errors, 1 left on base; Toronto 1 - Detroit 0 |
TOP OF THE 2ND |
Toronto Blue Jays batting - Pitching for Detroit Tigers : LHP David Cruz
|
Batting: RHB Cole Zelinski
|
0-0: Called Strike 0-1: Called Strike 0-2: Ground out 5-3 (Groundball, 56, EV 92.5 MPH)
|
Batting: RHB Tommy Mize
|
0-0: Called Strike 0-1: Called Strike 0-2: Strikes out swinging
|
Batting: LHB Isto Mäyrä
|
0-0: Foul Ball, location: 2F 0-1: SOLO HOME RUN (Flyball, 7D, EV 105.0 MPH), Distance : 397 ft
|
Batting: SHB Zory Larikov
|
0-0: Swinging Strike 0-1: Ball 1-1: Called Strike 1-2: Ball 2-2: Ball 3-2: Strikes out swinging
|
Top of the 2nd over - 1 run, 1 hit, 0 errors, 0 left on base; Toronto 2 - Detroit 0 |
BOTTOM OF THE 2ND |
Detroit Tigers batting - Pitching for Toronto Blue Jays : RHP Tony Rios
|
Batting: RHB Randy Shrewsbury
|
0-0: Called Strike 0-1: Foul Ball, location: 2F 0-2: Ball 1-2: Strikes out swinging
|
Batting: LHB Tyler Davis
|
0-0: Swinging Strike 0-1: Foul Ball, location: 2F 0-2: Foul Ball, location: 2F 0-2: SINGLE (Groundball, 13S, EV 65.6 MPH) (infield hit)
|
Batting: RHB Victor Quinones
|
0-0: Grounds out, U3 (Groundball, 3L, EV 90.0 MPH)
|
Batting: LHB Emmanuel Gaskin
|
0-0: Ground out 4-3 (Groundball, 4, EV 83.8 MPH)
|
Bottom of the 2nd over - 0 runs, 1 hit, 0 errors, 1 left on base; Toronto 2 - Detroit 0 |
TOP OF THE 3RD |
Toronto Blue Jays batting - Pitching for Detroit Tigers : LHP David Cruz
|
Batting: RHB Adam Burke
|
0-0: Ball 1-0: Foul Ball, location: 2F 1-1: Swinging Strike 1-2: Strikes out swinging
|
Batting: SHB Dylan Novakowski
|
0-0: Ball 1-0: DOUBLE (Line Drive, 89M, EV 107.5 MPH)
|
Batting: LHB Gabe White
|
0-0: Ball 1-0: Called Strike 1-1: Called Strike 1-2: Ball 2-2: Ball 3-2: Foul Ball, location: 2F 3-2: Strikes out swinging
|
Batting: RHB Ruben Velasco
|
0-0: Ball 1-0: Foul Ball, location: 2F 1-1: Called Strike 1-2: Strikes out swinging
|
Top of the 3rd over - 0 runs, 1 hit, 0 errors, 1 left on base; Toronto 2 - Detroit 0 |
BOTTOM OF THE 3RD |
Detroit Tigers batting - Pitching for Toronto Blue Jays : RHP Tony Rios
|
Batting: RHB Chris Wheatley
|
0-0: Ball 1-0: Ground out 5-3 (Groundball, 5S, EV 61.2 MPH)
|
Batting: LHB Morgan Black
|
0-0: Foul Ball, location: 2F 0-1: Foul Ball, location: 2F 0-2: Foul Ball, location: 2F 0-2: Hit by Pitch
|
Pinch Runner at 1st Luke Feeney:
|
|
Batting: RHB Adrian Novakovic
|
0-0: Ball 1-0: Swinging Strike 1-1: Called Strike 1-2: SINGLE (Groundball, 6D, EV 103.8 MPH) Luke Feeney to second
|
Batting: RHB Ryan Neal
|
0-0: Called Strike 0-1: Foul Ball, location: 2F 0-2: Ball 1-2: Fly out, F7 (Flyball, 7S, EV 74.4 MPH)
|
Batting: SHB Phil Zacharia
|
0-0: Foul Ball, location: 2F 0-1: Called Strike 0-2: 3-RUN HOME RUN (Flyball, 78XD, EV 108.8 MPH), Distance : 419 ft
|
Batting: RHB Randy Shrewsbury
|
0-0: Swinging Strike 0-1: Swinging Strike 0-2: Strikes out looking
|
Bottom of the 3rd over - 3 runs, 2 hits, 0 errors, 0 left on base; Toronto 2 - Detroit 3 |
TOP OF THE 4TH |
Toronto Blue Jays batting - Pitching for Detroit Tigers : LHP David Cruz
|
Now in LF: Tyler Davis
|
|
Now in RF: Luke Feeney
|
|
Batting: RHB Shigem Kubo
|
0-0: Ball 1-0: Called Strike 1-1: Ball 2-1: Foul Ball, location: 2F 2-2: Strikes out swinging, 2-3 out at first.
|
Batting: RHB Cole Zelinski
|
0-0: Ball 1-0: SINGLE (Groundball, 56D, EV 94.4 MPH)
|
Batting: RHB Tommy Mize
|
0-0: Called Strike 0-1: Ball 1-1: Grounds into double play, 4-6-3 (Groundball, 4M, EV 90.0 MPH)
|
Top of the 4th over - 0 runs, 1 hit, 0 errors, 0 left on base; Toronto 2 - Detroit 3 |
BOTTOM OF THE 4TH |
Detroit Tigers batting - Pitching for Toronto Blue Jays : RHP Tony Rios
|
Batting: LHB Tyler Davis
|
0-0: Ball 1-0: Fly out, F8 (Flyball, 8RXD, EV 90.0 MPH)
|
Batting: RHB Victor Quinones
|
0-0: Ball 1-0: Fly out, F7 (Line Drive, 7, EV 102.5 MPH)
|
Batting: LHB Emmanuel Gaskin
|
0-0: Swinging Strike 0-1: Foul Ball, location: 2F 0-2: Fly out, F8 (Flyball, 8RS, EV 81.9 MPH)
|
Bottom of the 4th over - 0 runs, 0 hits, 0 errors, 0 left on base; Toronto 2 - Detroit 3 |
TOP OF THE 5TH |
Toronto Blue Jays batting - Pitching for Detroit Tigers : LHP David Cruz
|
Batting: LHB Isto Mäyrä
|
0-0: Called Strike 0-1: Ball 1-1: Called Strike 1-2: Ball 2-2: Ball 3-2: Foul Ball, location: 2F 3-2: Fly out, F7 (Flyball, 7LM, EV 100.0 MPH)
|
Batting: SHB Zory Larikov
|
0-0: Ball 1-0: Called Strike 1-1: Ball 2-1: SINGLE (Groundball, 56D, EV 106.9 MPH)
|
Batting: RHB Adam Burke
|
0-0: Called Strike 0-1: Ball 1-1: Foul Ball, location: 2F 1-2: Fly out, F8 (Line Drive, 8RD, EV 86.2 MPH)
|
Batting: SHB Dylan Novakowski
|
0-0: Called Strike 0-1: Ball 1-1: Foul Ball, location: 2F 1-2: Foul Ball, location: 2F 1-2: Ball Zory Larikov steals 2nd base 2-2: Fly out, F7 (Flyball, 7LM, EV 103.8 MPH)
|
Top of the 5th over - 0 runs, 1 hit, 0 errors, 1 left on base; Toronto 2 - Detroit 3 |
BOTTOM OF THE 5TH |
Detroit Tigers batting - Pitching for Toronto Blue Jays : RHP Tony Rios
|
Batting: RHB Chris Wheatley
|
0-0: Foul Ball, location: 2F 0-1: Ball 1-1: Foul Ball, location: 2F 1-2: Foul Ball, location: 2F 1-2: Strikes out swinging
|
Batting: RHB Luke Feeney
|
0-0: Foul Ball, location: 2F 0-1: Called Strike 0-2: Ball 1-2: Foul Ball, location: 2F 1-2: Reached on error, E2 (Groundball, 15S, EV 70.6 MPH)
|
Batting: RHB Adrian Novakovic
|
0-0: Called Strike 0-1: Ball 1-1: Ball 2-1: Foul Ball, location: 2F 2-2: Reached on error, E6 (Groundball, 6M, EV 99.4 MPH) Luke Feeney to second
|
Batting: RHB Ryan Neal
|
0-0: Foul Ball, location: 2F 0-1: Ball 1-1: Foul Ball, location: 2F 1-2: SINGLE (Line Drive, 9LS, EV 91.2 MPH) Luke Feeney to third Adrian Novakovic to second
|
Batting: SHB Phil Zacharia
|
0-0: Ball 1-0: Foul Ball, location: 2F 1-1: Ball 2-1: Ball 3-1: Foul Ball, location: 2F 3-2: Base on Balls Luke Feeney scores Adrian Novakovic to third Ryan Neal to second
|
Batting: RHB Randy Shrewsbury
|
0-0: Called Strike 0-1: Called Strike 0-2: Strikes out swinging
|
Batting: LHB Tyler Davis
|
0-0: Ball 1-0: Ball 2-0: Fly out, F5 (Flyball, 5D, EV 82.5 MPH)
|
Bottom of the 5th over - 1 run, 1 hit, 2 errors, 3 left on base; Toronto 2 - Detroit 4 |
TOP OF THE 6TH |
Toronto Blue Jays batting - Pitching for Detroit Tigers : LHP David Cruz
|
Batting: LHB Gabe White
|
0-0: Called Strike 0-1: Ball 1-1: Ball 2-1: Ball 3-1: Ground out 4-3 (Groundball, 4, EV 89.4 MPH)
|
Batting: RHB Ruben Velasco
|
0-0: Ball 1-0: Called Strike 1-1: Called Strike 1-2: SINGLE (Groundball, 6M, EV 89.4 MPH) (infield hit)
|
Batting: RHB Shigem Kubo
|
0-0: Ball 1-0: Grounds into double play, 5-4-3 (Groundball, 5, EV 93.1 MPH)
|
Top of the 6th over - 0 runs, 1 hit, 0 errors, 0 left on base; Toronto 2 - Detroit 4 |
BOTTOM OF THE 6TH |
Detroit Tigers batting - Pitching for Toronto Blue Jays : RHP Tony Rios
|
Batting: RHB Victor Quinones
|
0-0: Called Strike 0-1: SOLO HOME RUN (Flyball, 78XD, EV 110.0 MPH), Distance : 428 ft
|
Batting: LHB Emmanuel Gaskin
|
0-0: Called Strike 0-1: Ball 1-1: Ball 2-1: Foul Ball, location: 2F 2-2: Fly out, F9 (Flyball, 9LS, EV 81.2 MPH)
|
Batting: RHB Chris Wheatley
|
0-0: Called Strike 0-1: Ball 1-1: Fly out, F9 (Flyball, 9S, EV 94.4 MPH)
|
Batting: RHB Luke Feeney
|
0-0: Ball 1-0: Ball 2-0: Ball 3-0: Called Strike 3-1: Foul Ball, location: 2F 3-2: Foul Ball, location: 2F 3-2: Strikes out looking
|
Bottom of the 6th over - 1 run, 1 hit, 0 errors, 0 left on base; Toronto 2 - Detroit 5 |
TOP OF THE 7TH |
Toronto Blue Jays batting - Pitching for Detroit Tigers : LHP David Cruz
|
Batting: RHB Cole Zelinski
|
0-0: Ball 1-0: Ball 2-0: Foul Ball, location: 2F 2-1: Fly out, F5 (Popup, 15, EV 70.6 MPH)
|
Pitching: RHP Andres de Leon
|
|
Batting: RHB Tommy Mize
|
0-0: Called Strike 0-1: Foul Ball, location: 2F 0-2: Ball 1-2: SINGLE (Groundball, 56D, EV 97.5 MPH)
|
Batting: LHB Isto Mäyrä
|
0-0: Ball 1-0: Ball 2-0: Foul Ball, location: 2F 2-1: Grounds into double play, 6-4-3 (Groundball, 6MS, EV 85.0 MPH)
|
Top of the 7th over - 0 runs, 1 hit, 0 errors, 0 left on base; Toronto 2 - Detroit 5 |
BOTTOM OF THE 7TH |
Detroit Tigers batting - Pitching for Toronto Blue Jays : RHP Tony Rios
|
Pitching: RHP Douglas ten Pas
|
|
Batting: RHB Adrian Novakovic
|
0-0: Called Strike 0-1: Ball 1-1: Foul Ball, location: 2F 1-2: Ball 2-2: Fly out, F7 (Flyball, 78D, EV 97.5 MPH)
|
Batting: RHB Ryan Neal
|
0-0: Foul Ball, location: 2F 0-1: Ball 1-1: Foul Ball, location: 2F 1-2: Foul Ball, location: 2F 1-2: SINGLE (Groundball, 56D, EV 101.2 MPH)
|
Batting: SHB Phil Zacharia
|
0-0: Ball 1-0: Ball 2-0: Foul Ball, location: 2F 2-1: Called Strike 2-2: Foul Ball, location: 2F 2-2: Foul Ball, location: 2F 2-2: Strikes out looking
|
Batting: RHB Randy Shrewsbury
|
0-0: Ball 1-0: Called Strike 1-1: Ball 2-1: DOUBLE (Line Drive, 3D, EV 98.8 MPH) Ryan Neal to third Runner from 3rd tries for Home, SAFE, throw by RF to home
|
Batting: LHB Tyler Davis
|
0-0: Ball Randy Shrewsbury steals 3rd base (no throw) 1-0: Foul Ball, location: 2F 1-1: Called Strike 1-2: SINGLE (Line Drive, 89S, EV 100.0 MPH) Randy Shrewsbury scores
|
Batting: RHB Victor Quinones
|
0-0: Called Strike 0-1: Ball 1-1: Ball 2-1: Foul Ball, location: 2F 2-2: DOUBLE (Line Drive, 9LM, EV 95.0 MPH) Tyler Davis to third
|
Pitching: RHP Mike Pedigo
|
|
Batting: LHB Emmanuel Gaskin
|
0-0: Ground out U3 (Groundball, 3S, EV 69.4 MPH)
|
Bottom of the 7th over - 2 runs, 4 hits, 0 errors, 2 left on base; Toronto 2 - Detroit 7 |
TOP OF THE 8TH |
Toronto Blue Jays batting - Pitching for Detroit Tigers : RHP Andres de Leon
|
Batting: SHB Zory Larikov
|
0-0: SINGLE (Flyball, 78S, EV 99.4 MPH)
|
Batting: RHB Adam Burke
|
0-0: Ball 1-0: Grounds into double play, 3-6-3 (Groundball, 34S, EV 82.5 MPH)
|
Batting: SHB Dylan Novakowski
|
0-0: Called Strike 0-1: Ball 1-1: Ground out 3-1 (Groundball, 34S, EV 95.0 MPH)
|
Top of the 8th over - 0 runs, 1 hit, 0 errors, 0 left on base; Toronto 2 - Detroit 7 |
BOTTOM OF THE 8TH |
Detroit Tigers batting - Pitching for Toronto Blue Jays : RHP Mike Pedigo
|
Batting: RHB Chris Wheatley
|
0-0: Called Strike 0-1: Ball 1-1: Ball 2-1: Ball 3-1: Foul Ball, location: 2F 3-2: Strikes out swinging
|
Batting: RHB Luke Feeney
|
0-0: Ball 1-0: Called Strike 1-1: Foul Ball, location: 2F 1-2: Fly out, F3 (Popup, 3F, EV 63.8 MPH)
|
Batting: RHB Adrian Novakovic
|
0-0: Ball 1-0: Foul Ball, location: 2F 1-1: Ball 2-1: Called Strike 2-2: Foul Ball, location: 2F 2-2: Strikes out swinging
|
Bottom of the 8th over - 0 runs, 0 hits, 0 errors, 0 left on base; Toronto 2 - Detroit 7 |
TOP OF THE 9TH |
Toronto Blue Jays batting - Pitching for Detroit Tigers : RHP Andres de Leon
|
Batting: LHB Gabe White
|
0-0: Ball 1-0: Foul Ball, location: 2F 1-1: Ground out 6-3 (Groundball, 56, EV 96.2 MPH)
|
Batting: RHB Ruben Velasco
|
0-0: Ball 1-0: Called Strike 1-1: Swinging Strike 1-2: Strikes out looking
|
Batting: RHB Shigem Kubo
|
0-0: Ball 1-0: Called Strike 1-1: Ball 2-1: Ball 3-1: Base on Balls
|
Batting: RHB Cole Zelinski
|
0-0: Ball 1-0: Called Strike 1-1: Fly out, F9 (Flyball, 9LM, EV 91.2 MPH)
|
Top of the 9th over - 0 runs, 0 hits, 0 errors, 1 left on base; Toronto 2 - Detroit 7 |
|